 Dungeon Crawl Stone Soup version 0.22-a0-587-g7d32d7c (webtiles) character file.

11596 Amnesiac the Slinger (level 11, -3/80 HPs)
             Began as a Mummy Fighter on July 4, 2018.
             Was a High Priest of Okawaru.
             Slain by a spectral orc knight
             ... wielding a +0 glaive
             ... summoned by Nergalle
              (5 damage)
             ... on level 11 of the Dungeon.
             The game lasted 00:15:37 (10012 turns).

Amnesiac the Slinger (Mummy Fighter)               Turns: 10012, Time: 00:15:38

Health: -3/80      AC:  8    Str: 23    XL:     11   Next: 51%
Magic:  13/13      EV: 11    Int:  7    God:    Okawaru [*****.]
Gold:   659        SH: 10    Dex: 12    Spells: 10/10 levels left

rFire    . . .     SeeInvis +   a - +1 hunting sling (freeze)
rCold    + . .     Gourm    .   c - +0 shield
rNeg     + + +     Faith    .   v - +1 ring mail {MR+}
rPois    ∞         Spirit   .   (no helmet)
rElec    .         Reflect  .   (no cloak)
rCorr    .         Harm     .   (no gloves)
MR       ++...                  g - +0 pair of boots
Stlth    +.........             l - amulet of regeneration
HPRegen  0.63/turn              s - ring of protection from fire
MPRegen  0.13/turn              n - ring of see invisible

@: no status effects
A: no food or potions, fire vulnerability, cold resistance 1, negative energy
resistance 3, torment resistance, unbreathing
a: Heroism, Finesse, Renounce Religion


You were on level 11 of the Dungeon.
You worshipped Okawaru.
Okawaru was extremely pleased with you.
You were not hungry.

You visited 2 branches of the dungeon, and saw 12 of its levels.

You collected 659 gold pieces.

Inventory:

Hand Weapons
 a - a +1 hunting sling of freezing (weapon)
 b - a +0 long sword
 w - a +2 dagger of electrocution
 x - a +0 blowgun
 y - a +2 falchion of flaming
Missiles
 e - 164 stones (quivered)
Armour
 c - a +0 shield (worn)
 g - a +0 pair of boots (worn)
 v - a +1 ring mail of magic resistance (worn)
Jewellery
 l - an amulet of regeneration (around neck)
 n - a ring of see invisible (right hand)
 q - an uncursed ring of flight
 s - a ring of protection from fire (left hand)
 t - an uncursed ring of protection from fire
 B - an uncursed ring of fire {unknown}
Wands
 o - a wand of polymorph (15)
 r - a wand of acid (6)
Scrolls
 d - a scroll of torment {!r, unknown}
 f - 6 scrolls of remove curse {!r}
 h - 12 scrolls of identify {!r}
 i - 4 scrolls of magic mapping {!r}
 j - 3 scrolls of enchant weapon {!r}
 k - 4 scrolls of teleportation {!r}
 m - 4 scrolls of blinking {!r}
 p - 8 scrolls of immolation {!r}
 u - a scroll of vulnerability {!r, unknown}
 z - a scroll of amnesia {!r, unknown}
 A - a scroll of holy word {!r, unknown}


   Skills:
 + Level 5.3 Fighting
 - Level 1.5 Long Blades
 + Level 12.1 Slings
 + Level 4.3 Armour
 + Level 4.3 Dodging
 + Level 4.3 Shields
 + Level 3.7 Invocations
 * Level 3.5 Evocations


You had 10 spell levels left.
You didn't know any spells.
Your spell library contained the following spells:

 Spells                   Type           Power        Failure   Level  Hunger
 Confuse                  Hex            #.......     100%        3    N/A
 Tukima's Dance           Hex            #.......     100%        3    N/A
 Ensorcelled Hibernation  Hex/Ice        #.....       99%         2    N/A
 Corona                   Hex            #......      96%         1    N/A
 Dazzling Spray           Conj/Hex       #.....       100%        3    N/A

Dungeon Overview and Level Annotations

Branches:
Dungeon (11/15)            Temple (1/1) D:6            Lair (0/6) D:11
    Orc (0/2) D:9

Altars:
Ashenzari
Cheibriados
Dithmenos
Elyvilon
Fedhas
Gozag
Hepliaklqana
Kikubaaqudgha
Makhleb
Nemelex Xobeh
Okawaru
Qazlal
Ru
Sif Muna
Trog
Uskayaw
Vehumet
Wu Jian
Xom
Yredelemnul
Zin
The Shining One

Shops:
D:6 }

Annotations:
D:9 exclusion: zombie
D:11 Nergalle


Innate Abilities, Weirdness & Mutations

You do not eat or drink.
Your flesh is vulnerable to fire.
You are immune to poison.
Your flesh is cold resistant. (rC+)
You are immune to negative energy. (rN+++)
You are immune to unholy pain and torment.
You can survive without breathing.


Message History

Nergalle is almost dead.
Nergalle hits you but does no damage.
The spectral orc knight hits you but does no damage.
You block the spectral orc knight's attack.
The spectral orc hits you with a flail.
* * * LOW HITPOINT WARNING * * *
Firing (i - inventory)
e - 170 stones (quivered)
Press: ? - help, Shift-Dir - straight line, f/p - Nergalle
Aim: Nergalle, wielding a dagger of protection and wearing a robe (almost dead)
You shoot a stone.
The stone hits Nergalle but does no damage.
Nergalle is almost dead.
The spectral orc hits you but does no damage.
Nergalle hits you but does no damage.
Firing (i - inventory)
e - 169 stones (quivered)
Press: ? - help, Shift-Dir - straight line, f/p - Nergalle
Aim: Nergalle, wielding a dagger of protection and wearing a robe (almost dead)
You shoot a stone. The stone barely misses Nergalle.
The stone barely misses the spectral orc warrior.
The spectral orc hits you with a flail.
* * * LOW HITPOINT WARNING * * *
The spectral orc knight hits you but does no damage.
The spectral orc knight hits you from afar with a glaive.
* * * LOW HITPOINT WARNING * * *
The spectral orc knight hits you with a great sword.
* * * LOW HITPOINT WARNING * * *
Firing (i - inventory)
e - 168 stones (quivered)
Press: ? - help, Shift-Dir - straight line, f/p - Nergalle
Aim: Nergalle, wielding a dagger of protection and wearing a robe (almost dead)
You shoot a stone.
The stone hits Nergalle but does no damage.
Nergalle is almost dead.
The spectral orc knight is no longer moving quickly.
The spectral orc hits you but does no damage.
The spectral orc hits you with a flail.
* * * LOW HITPOINT WARNING * * *
You block Nergalle's attack.
The spectral orc knight hits you but does no damage.
Firing (i - inventory)
e - 167 stones (quivered)
Press: ? - help, Shift-Dir - straight line, f/p - Nergalle
Aim: Nergalle, wielding a dagger of protection and wearing a robe (almost dead)
You shoot a stone.
The stone hits Nergalle but does no damage.
Nergalle is almost dead.
The spectral orc knight hits you but does no damage. x2
The spectral orc hits you but does no damage.
The spectral orc closely misses you.
Firing (i - inventory)
e - 166 stones (quivered)
Press: ? - help, Shift-Dir - straight line, f/p - Nergalle
Aim: Nergalle, wielding a dagger of protection and wearing a robe (almost dead)
You shoot a stone.
The stone hits Nergalle but does no damage.
Nergalle is almost dead.
Nergalle hits you but does no damage.
You block the spectral orc knight's attack.
Firing (i - inventory)
e - 165 stones (quivered)
Press: ? - help, Shift-Dir - straight line, f/p - Nergalle
Aim: Nergalle, wielding a dagger of protection and wearing a robe (almost dead)
You shoot a stone.
The stone hits Nergalle but does no damage.
Nergalle is almost dead.
You block the spectral orc's attack. The spectral orc misses you.
The spectral orc knight hits you from afar with a glaive.
You die...

#...).................
#.....................
#......######.........
#......# #.........
#......# #.........
#......# #.........
'......# #.ZZZ#####
#...[..# ##ZZZ#
#......# #ZZ@#
.......#


#ZZo# .......# #.ZZ# .......# #..(# ......... ...(# .......... .....#
###..########...(# #..# #...(( #...... You could see Nergalle, 3 spectral orcs,
5 spectral orc warriors, 3 spectral orc knights and a spectral orc warlord.

Vanquished Creatures
  A hydra (D:8)
  Erolcha (D:10)
  A two-headed ogre (D:11)
  An ugly thing (D:8)
  A queen bee (D:9)
  A hippogriff (D:8)
  2 dream sheep (D:8)
  8 yaks
  A shadow (D:11)
  A basilisk (D:11)
  2 wyverns (D:11)
  2 hungry ghosts
  3 two-headed ogre zombies (D:9)
  Edmund (D:6)
  3 ice beasts
  A swamp drake (D:11)
  4 sky beasts
  An orc warrior (D:11)
  3 black bears
  2 phantoms (D:9)
  8 ogres
  3 centaurs
  2 crocodiles (D:11)
  7 big kobolds
  Blork the orc (D:6)
  3 bullfrogs
  5 scorpions
  28 killer bees
  2 troll zombies (D:9)
  2 howler monkeys (D:10)
  3 crimson imps
  5 hounds
  A bullfrog zombie (D:8)
  4 bullfrog skeletons
  2 centaur zombies
  4 orc wizards
  4 orc priests
  A jelly (D:9)
  2 iguanas
  5 worker ants
  3 ogre zombies (D:9)
  A worker ant zombie (D:11)
  4 gnolls (D:8)
  12 adders
  8 shadow imps
  3 adder zombies
  2 adder skeletons
  4 worms
  A dart slug (D:5)
  5 leopard geckos
  25 orcs
  2 ball pythons (D:4)
  8 bats
  4 giant cockroaches
  6 hobgoblins
  9 jackals
  2 quokkas
  A ball python skeleton (D:4)
  2 frilled lizards
  7 goblins
  3 goblin skeletons (D:9)
  4 goblin zombies (D:9)
  5 hobgoblin zombies (D:9)
  24 kobolds
  4 orc skeletons (D:9)
  9 orc zombies (D:9)
  A quokka zombie (D:8)
  7 rats
298 creatures vanquished.

Notes
Turn   | Place    | Note
-------+----------+-------------------------------------------
     0 | D:1      | Amnesiac the Mummy Fighter began the quest for the Orb.
     0 | D:1      | Reached XP level 1. HP: 18/18 MP: 1/1
    43 | D:1      | Reached skill level 1 in Dodging
    56 | D:1      | Reached XP level 2. HP: 15/24 MP: 2/2
   703 | D:2      | Found a shattered altar of Ashenzari.
   708 | D:2      | Reached XP level 3. HP: 23/29 MP: 3/3
   871 | D:2      | Found an ancient bone altar of Kikubaaqudgha.
  1017 | D:2      | Found a white marble altar of Elyvilon.
  1175 | D:3      | Reached XP level 4. HP: 32/35 MP: 4/4
  1290 | D:3      | Found a shadowy altar of Dithmenos.
  1397 | D:3      | Reached skill level 1 in Slings
  1770 | D:3      | Found a snail-covered altar of Cheibriados.
  1775 | D:3      | Found a deep blue altar of Sif Muna.
  1775 | D:3      | Found a hazy altar of Hepliaklqana.
  1926 | D:4      | Reached skill level 2 in Slings
  1926 | D:4      | Reached XP level 5. HP: 41/41 MP: 5/5
  2109 | D:4      | Reached skill level 3 in Slings
  2137 | D:4      | Reached XP level 6. HP: 37/47 MP: 6/6
  2352 | D:4      | Reached skill level 4 in Slings
  2795 | D:4      | Noticed a sky beast
  2810 | D:4      | Killed a sky beast
  2810 | D:4      | Reached skill level 5 in Slings
  2810 | D:4      | Reached XP level 7. HP: 26/52 MP: 7/7
  3335 | D:5      | Entered Level 5 of the Dungeon
  3482 | D:5      | Found a hide-covered altar of Uskayaw.
  3545 | D:5      | Reached skill level 6 in Slings
  3668 | D:5      | Found an opulent altar of Gozag.
  4109 | D:5      | Reached XP level 8. HP: 55/58 MP: 8/8
  4426 | D:6      | Found a stormy altar of Qazlal.
  4432 | D:6      | Found Amant's Gadget Shop.
  4442 | D:6      | Found a staircase to the Ecumenical Temple.
  4452 | Temple   | Entered the Ecumenical Temple
  4577 | D:6      | Reached skill level 7 in Slings
  4665 | D:6      | Noticed Blork the orc
  4690 | D:6      | Killed Blork the orc
  4796 | D:6      | Noticed Edmund
  4801 | D:6      | Killed Edmund
  4963 | D:6      | Found a glowing golden altar of the Shining One.
  5408 | D:7      | Found a shimmering altar of Xom.
  5414 | D:7      | Reached skill level 8 in Slings
  5722 | D:7      | Reached skill level 9 in Slings
  5949 | D:8      | Reached XP level 9. HP: 58/64 MP: 9/9
  6026 | D:8      | Reached skill level 10 in Slings
  6081 | D:8      | Noticed a three-headed hydra
  6099 | D:8      | Killed a one-headed hydra
  6099 | D:8      | Reached skill level 11 in Slings
  6246 | D:8      | Noticed a brown ugly thing
  6261 | D:8      | HP: 3/64 [green ugly thing (8)]
  6263 | D:8      | Found an iron altar of Okawaru.
  6309 | D:8      | Became a worshipper of Warmaster Okawaru
  6454 | D:8      | Found a blossoming altar of Fedhas.
  6564 | D:8      | Killed a green ugly thing
  6564 | D:8      | Reached XP level 10. HP: 32/70 MP: 10/10
  6606 | D:8      | Reached * piety under Okawaru
  7154 | D:9      | Reached skill level 12 in Slings
  7275 | D:9      | Reached skill level 1 in Invocations
  7375 | D:9      | Reached ** piety under Okawaru
  7383 | D:9      | Reached skill level 1 in Evocations
  7682 | D:9      | Reached *** piety under Okawaru
  7695 | D:9      | HP: 2/73 [yak (12)]
  8125 | D:9      | Found a staircase to the Orcish Mines.
  8144 | D:9      | Reached XP level 11. HP: 68/78 MP: 12/12
  8776 | D:10     | Entered Level 10 of the Dungeon
  8804 | D:10     | Noticed Erolcha
  8821 | D:10     | Killed Erolcha
  8983 | D:10     | Reached **** piety under Okawaru
  9403 | D:11     | Noticed a two-headed ogre
  9410 | D:11     | Killed a two-headed ogre
  9410 | D:11     | Reached skill level 5 in Fighting
  9620 | D:11     | Found a staircase to the Lair.
  9833 | D:11     | Reached ***** piety under Okawaru
  9882 | D:11     | Received a gift from Okawaru
  9962 | D:11     | Noticed Nergalle
  9981 | D:11     | Noticed a spectral orc warlord
 10009 | D:11     | HP: 1/80 [spectral orc/flail[Nergalle] (4)]
 10012 | D:11     | Slain by a spectral orc knight

Vault maps used:
D:1:      lightli_arrival_statue_moat
D:2:      kiku_gazebo_pond_becter, lemuel_crystal_altar, first_ration,
          serial_forest, infiniplex_forest_straight_2,
          infiniplex_forest_clump_small, infiniplex_forest_3_way,
          infiniplex_forest_straight_3, infiniplex_forest_clump_diagonal,
          elyvilon_altar_5
D:3:      minmay_diamond_boxcup, grunt_dithmenos_smoke_and_mirrors, minitemple
D:5:      nicolae_overflow_crystal_walls, kennysheep_mini
D:6:      overflow_temple_1_default, minmay_temple_entry_statues_fountains,
          serial_shops, shop, serial_glass, glass_columns_b, glass_columns_a,
          tso_metal_star, uniq_blork_the_orc, uniq_edmund
D:7:      xom_teletrap_fun
D:8:      old_standard_altar, fedhas_altar_1, hangedman_ranch, st_stairs_4,
          eino_small_chamber_without_monster, minmay_bent
D:9:      zombieorc2_lemuel, special_room, serial_co_window_serial,
          co_window_paths_a, co_window_corner_a, co_window_paths_b,
          co_window_paths_b, co_window_paths_a, co_window_cross_3,
          co_window_paths_c, co_window_2corner, co_window_paths_d
D:10:     nooodl_food_tri, uniq_erolcha
D:11:     erik_lair_dragon, uniq_nergalle
Temple:   cyrus_temple_forest

Skill      XL: |  1  2  3  4  5  6  7  8  9 10 11 |
---------------+----------------------------------+-----
Dodging        | 1 2 3 4 |  4.3
Slings         | 2 3 5 6 9 11 12 | 12.1
Invocations    | 2 3 |  3.7
Evocations     | 2 3 |  3.5
Shields        | 3 4 |  4.3
Armour         | 3 4 |  4.3
Fighting       | 4 5 |  5.3
Long Blades    | |  1.5

Action                   |  1- 3 |  4- 6 |  7- 9 | 10-12 || total
-------------------------+-------+-------+-------+-------++-------
Melee: Long sword        |   128 |    22 |       |       ||   150
       Falchion          |       |       |     7 |       ||     7
 Fire: Hunting sling     |       |   222 |   415 |   897 ||  1534
Evoke: Wand              |       |       |     2 |       ||     2
  Use: Scroll            |       |     8 |     3 |       ||    11
Armor: Scale mail        |    56 |    66 |     9 |       ||   131
       Ring mail         |       |       |    42 |   110 ||   152
Dodge: Dodged            |    50 |    37 |    72 |   172 ||   331
Block: Shield            |    73 |    58 |    78 |   174 ||   383
       Rpst.: Long sword |    25 |     2 |       |       ||    27

Table legend:
 A = Spawn XP
 B = Non-spawn XP
 C = Spawn XP percentage of total XP
 D = Spawn monster count
 E = Non-spawn monster count
 F = Spawn count percentage of total count
 G = Total turns spent on level
                    A         B        C        D         E        F      G
               +---------+---------+-------+---------+---------+-------+---------
         Total |       0 |   16566 |   0.0 |       0 |     298 |   0.0 | 10012
               +---------+---------+-------+---------+---------+-------+---------
           D:1 |       0 |      28 |   0.0 |       0 |      17 |   0.0 |   619
           D:2 |       0 |      46 |   0.0 |       0 |      17 |   0.0 |   520
           D:3 |       0 |     101 |   0.0 |       0 |      27 |   0.0 |   786
           D:4 |       0 |     782 |   0.0 |       0 |      27 |   0.0 |  1410
           D:5 |       0 |     539 |   0.0 |       0 |      16 |   0.0 |   941
           D:6 |       0 |     352 |   0.0 |       0 |       6 |   0.0 |   909
           D:7 |       0 |     891 |   0.0 |       0 |      26 |   0.0 |   688
           D:8 |       0 |    4109 |   0.0 |       0 |      36 |   0.0 |  1167
           D:9 |       0 |    5084 |   0.0 |       0 |      89 |   0.0 |  1651
          D:10 |       0 |    1764 |   0.0 |       0 |      13 |   0.0 |   615
          D:11 |       0 |    2870 |   0.0 |       0 |      24 |   0.0 |   621
               +---------+---------+-------+---------+---------+-------+---------
